 Dungeon Crawl Stone Soup version 0.25.0-26-g0c896c7088 (webtiles) character file.

Game seed: 4509265097836326518

105000 protoss039 the Earth Mage (level 16, -1/94 HPs)
             Began as a Gargoyle Earth Elementalist on July 5, 2020.
             Was an Elder of Sif Muna.
             Killed from afar by a deep elf mage (37 damage)
             ... with a stone arrow
             ... on level 1 of the Elven Halls.
             The game lasted 02:47:39 (37081 turns).

protoss039 the Earth Mage (GrEE)                   Turns: 37081, Time: 02:47:39

Health: -1/94      AC: 24    Str: 15    XL:     16   Next: 40%
Magic:  3/32       EV: 12    Int: 20    God:    Sif Muna [****..]
Gold:   2398       SH: 13    Dex: 16    Spells: 12/40 levels left

rFire    + . .     SeeInvis +   o - +2 war axe (vorpal)
rCold    . . .     Gourm    .   K - +0 kite shield
rNeg     + + .     Faith    .   M - +2 leather armour "Dyzi" {Regen+}
rPois    ∞         Spirit   .   z - +2 helmet {SInv}
rElec    +         Reflect  .   s - +0 cloak
rCorr    .         Harm     .   l - +0 pair of gloves
MR       ++++.     Clarity  +   f - +0 pair of boots
Stlth    ++........             N - amulet of the Four Winds {rN+ MR+++ Clar}
HPRegen  0.65/turn              G - +6 ring of dexterity
MPRegen  0.23/turn              R - ring of protection from fire

@: no status effects
A: big wings, negative energy resistance 1, electricity resistance, unbreathing,
petrification resistance, no potion heal 1, rot immunity, AC +12
a: Fly, Channel Magic, Forget Spell, Divine Exegesis, Renounce Religion


You were on level 1 of the Elven Halls.
You worshipped Sif Muna.
Sif Muna was greatly pleased with you.
You were hungry.

You visited 4 branches of the dungeon, and saw 24 of its levels.
You also visited: Sewer.

You collected 2398 gold pieces.

Inventory:

Hand Weapons
 n - the +6 rapier "Vaffoule" {protect, +Inv}
   (You found it on level 4 of the Lair of Beasts)

   It grants its wielder temporary protection when it strikes (+7 to AC).
   It lets you turn invisible.
 o - a +2 vorpal war axe (weapon)
 W - the +2 battleaxe "Ikom" {vamp, Str+5 Dex+4 Stlth-}
   (You found it on level 1 of the Lair of Beasts)

   It inflicts no extra harm, but heals its wielder when it wounds a living foe.
   It affects your strength (+5).
   It affects your dexterity (+4).
   It makes you less stealthy.
Missiles
 b - 287 stones (quivered)
Armour
 f - a +0 pair of boots (worn)
 l - a +0 pair of gloves (worn)
 s - a +0 cloak (worn)
 z - a +2 helmet of see invisible (worn)
 E - a +2 leather armour of fire resistance
 K - a +0 kite shield (worn)
 M - the +2 leather armour "Dyzi" (worn) {Regen+}
   (You found it on level 10 of the Dungeon)

   It increases your rate of regeneration.
 O - the +2 buckler of Melancholy {Str+4}
   (You found it on level 11 of the Dungeon)

   It affects your strength (+4).
Jewellery
 G - a +6 ring of dexterity (left hand)
 N - the amulet of the Four Winds (around neck) {rN+ MR+++ Clar}
   (You took it off a gnoll sergeant on level 10 of the Dungeon)

   [amulet of nothing]

   It protects you from negative energy.
   It affects your resistance to hostile enchantments.
   It protects you against confusion.
 P - an uncursed amulet of regeneration
 R - a ring of protection from fire (right hand)
 T - an uncursed amulet of magic regeneration {unknown}
Wands
 k - a wand of digging (6)
 q - a wand of enslavement (4)
 H - a wand of iceblast (13)
 L - a wand of flame (29)
 V - a wand of polymorph (8)
 X - a wand of paralysis (3)
 Y - a wand of disintegration (14)
Scrolls
 a - 4 scrolls of enchant weapon
 c - 5 scrolls of amnesia
 e - a scroll of brand weapon
 i - 3 scrolls of immolation
 m - 5 scrolls of teleportation
 t - 3 scrolls of fear
 w - 2 scrolls of blinking
 x - 10 scrolls of remove curse
 D - 4 scrolls of fog
 F - 3 scrolls of enchant armour
 I - a scroll of holy word
 S - a scroll of magic mapping
Potions
 g - a potion of heal wounds
 h - 5 potions of stabbing
 j - 3 potions of lignification
 p - 3 potions of magic
 r - 2 potions of might
 u - a potion of cancellation
 v - a potion of invisibility
 C - 6 potions of brilliance
 J - a potion of mutation {unknown}
 Q - 3 potions of curing
 U - 3 potions of resistance {unknown}
Comestibles
 d - 17 rations
 A - 4 chunks of flesh


   Skills:
 + Level 8.4 Fighting
 + Level 10.9 Axes
   Level 0.6(7.6) Maces & Flails
 - Level 4.0 Armour
 - Level 1.5 Dodging
 - Level 2.1 Stealth
 * Level 14.0 Shields
 + Level 12.8 Spellcasting
 - Level 1.0 Conjurations
 - Level 1.0 Charms
 - Level 1.0 Transmutations
 - Level 4.0 Fire Magic
 - Level 1.0 Air Magic
 + Level 15.5 Earth Magic
 * Level 13.0 Invocations


You had 12 spell levels left.
You knew the following spells:

 Your Spells              Type           Power        Failure   Level  Hunger
a - Sandblast             Erth           ######       0%          1    None
b - Passwall              Tmut/Erth      #####...     1%          2    None
c - Stone Arrow           Conj/Erth      #####.       1%          3    None
d - Petrify               Tmut/Erth      #####...     2%          4    None
e - Lee's Rapid Deconstr  Erth           ######....   1%          5    ####...
f - Fireball              Conj/Fire      ###.......   56%         5    ####...
g - Iron Shot             Conj/Erth      #####.....   36%         6    #####..
h - Swiftness             Chrm/Air       ###.....     7%          2    None

Your spell library contained the following spells:

 Spells                   Type           Power        Failure   Level  Hunger
 Foxfire                  Conj/Fire      ###.         2%          1    None
 Leda's Liquefaction      Hex/Erth       #####.....   3%          4    None
 Magic Dart               Conj           ###.         4%          1    None
 Shock                    Conj/Air       ###.         4%          1    None
 Apportation              Tloc           ##....       7%          1    None
 Corona                   Hex            ##.....      7%          1    None
 Summon Butterflies       Summ           ##......     7%          1    None
 Summon Small Mammal      Summ           ##..         7%          1    None
 Searing Ray              Conj           ###...       7%          2    None
 Conjure Flame            Conj/Fire      ###.....     8%          3    None
 Poisonous Vapours        Pois/Air       ##....       9%          2    None
 Shroud of Golubria       Chrm/Tloc      ##....       9%          2    None
 Inner Flame              Hex/Fire       ###.....     10%         3    None
 Call Imp                 Summ           ##......     11%         2    None
 Ensorcelled Hibernation  Hex/Ice        ##....       11%         2    None
 Ignite Poison            Fire/Tmut/Pois ###.....     11%         3    None
 Bolt of Magma            Conj/Fire/Erth #####.....   12%         5    ####...
 Mephitic Cloud           Conj/Pois/Air  ###.....     16%         3    None
 Dazzling Flash           Conj/Hex       ##....       17%         3    None
 Spider Form              Tmut/Pois      ##........   17%         3    None
 Call Canine Familiar     Summ           ##......     22%         3    None
 Confusing Touch          Hex            ##......     22%         3    None
 Gell's Gravitas          Tloc           ##........   22%         3    None
 Lesser Beckoning         Tloc           ##........   22%         3    None
 Portal Projectile        Hex/Tloc       ##....       22%         3    None
 Recall                   Summ/Tloc      N/A          22%         3    None
 Summon Guardian Golem    Hex/Summ       ##......     22%         3    None
 Tukima's Dance           Hex            ##......     22%         3    None
 Sticky Flame             Conj/Fire      ###.....     26%         4    None
 Fulminant Prism          Conj/Hex       ##........   50%         4    None
 Ice Form                 Ice/Tmut       ##......     50%         4    None
 Iskenderun's Mystic Bla  Conj/Tloc      ##......     50%         4    None
 Summon Lightning Spire   Summ/Air       ##......     50%         4    None
 Passage of Golubria      Tloc           N/A          56%         4    None
 Summon Ice Beast         Ice/Summ       ##......     56%         4    None
 Irradiate                Conj/Tmut      ###.......   78%         5    ####...
 Iskenderun's Battlesphe  Conj/Chrm      ###.....     78%         5    ####...
 Alistair's Intoxication  Tmut/Pois      ##......     85%         5    ####...
 Silence                  Hex/Air        ##........   85%         5    ####...
 Yara's Violent Unravell  Hex/Tmut       ##........   85%         5    ####...
 Summon Forest            Summ/Tloc      ##........   89%         5    ####...
 Summon Mana Viper        Hex/Summ       ##......     89%         5    ####...
 Conjure Ball Lightning   Conj/Air       ###.......   100%        6    #####..
 Darkness                 Hex            ##........   100%        6    #####..
 Eringya's Noxious Bog    Tmut/Pois      ##........   100%        6    #####..
 Freezing Cloud           Conj/Ice/Air   ###.......   100%        6    #####..
 Invisibility             Hex            ##......     100%        6    #####..
 Ring of Flames           Chrm/Fire      ###.......   100%        7    #######
 Spellforged Servitor     Conj/Summ      ##........   100%        7    #######
 Summon Hydra             Summ           ##........   100%        7    #######
 Disjunction              Tloc           ##........   100%        8    #######
 Shatter                  Erth           ######....   100%        9    #######
 Tornado                  Air            ###.......   100%        9    #######
 Sublimation of Blood     Necr           Unusable     N/A         2    N/A

Dungeon Overview and Level Annotations

Branches:
Dungeon (15/15)            Temple (0/1) D:6            Lair (6/6) D:11
  Swamp (0/4) Lair:3       Spider (0/4) Lair:3        Slime (0/5) Lair:6
    Orc (2/2) D:10            Elf (1/3) Orc:2        Vaults (0/5) D:14
 Depths (0/5) D:15          Sewer (visited)

Altars:
Dithmenos
Elyvilon
Fedhas
Gozag
Makhleb
Sif Muna
Trog
Xom
The Shining One
Beogh
Jiyva

Shops:
D:4 %   D:10 (   D:13 !   Orc:2 %=::

Portals:
Hell: Lair:6

Annotations:
D:3 1 exclusion
D:8 1 exclusion
D:9 1 exclusion, Dirian's ghost, novice MiFi
D:12 2 exclusions
D:13 6 exclusions
D:14 1 exclusion
Lair:2 exclusions: 2 oklob plants and 2 more exclusions
Lair:5 1 exclusion


Innate Abilities, Weirdness & Mutations

You are resistant to torment.
Your stone body is resilient. (AC +12)
You are immune to poison.
Your large and strong wings let you fly indefinitely.
You resist negative energy. (rN+)
You are resistant to electric shocks. (rElec)
You can survive without breathing.
You are immune to petrification.
You are immune to rotting.
Potions are less effective at restoring your health.


Message History

Press: ? - help, Dir - move target cursor, f - earth elemental, p - earth elemental Fragment what (e.g. wall or brittle monster)?: an earth elemental (summoned)
The earth elemental shatters!
The earth elemental is moderately damaged.
The blast of rock fragments hits the deep elf mage!!
The deep elf mage is severely wounded.
The blast of rock fragments hits the earth elemental!!
The earth elemental is heavily damaged.
The blast of rock fragments hits the earth elemental.
The earth elemental is heavily damaged.
You hear a shout! x3
A deep elf archer comes into view. It is wielding a +3 short sword.
You block the deep elf mage's attack.
Unknown command.
Unknown command.
Unknown command.
You are feeling hungry.
The deep elf mage casts a spell at you. The stone arrow hits you!!!
You die...

. .. . #'#'#+#
#. #.#.#.#
#.############
#....)...E...#
#....e..e.@.#
#..e..(E....#
##..?)..E....#
#....)((.((..#
#.############
#.#c#.#
#+#'#'# ....#
.....


You could see 2 deep elf archers, 3 earth elementals, a yaktaur and a deep elf
mage.

Vanquished Creatures
  Rupert (D:15)
  A stone giant (Orc:1)
  Azrael (D:14)
  A deep elf demonologist (Orc:2)
  Snorg (D:13)
  Josephine (D:13)
  A yaktaur captain (D:15)
  A deep elf death mage (Elf:1)
  A rakshasa (D:13)
  Erolcha (Orc:1)
  4 centaur warriors
  6 hydras
  3 two-headed ogres
  19 death yaks
  A deep elf knight (Elf:1)
  An orc high priest (Orc:2)
  Nergalle (Lair:2)
  A sixfirhy (Lair:6)
  An obsidian statue (D:13)
  6 unseen horrors
  A wizard (Lair:6)
  An orc knight (Orc:2)
  Pikel (D:7)
  A wolf spider zombie (D:14)
  6 deep elf magi
  4 manticores
  9 ugly things
  10 orc sorcerers
  6 cyclopes
  10 black mambas
  11 elephants (Lair:6)
  A torpor snail (Lair:6)
  A smoke demon (Lair:6)
  An ice statue (D:13)
  2 centaur zombies
  A spiny frog (shapeshifter) (D:13)
  2 gargoyles
  A black mamba (shapeshifter) (D:14)
  12 spiny frogs
  6 rime drakes
  A yaktaur (D:15)
  A kobold demonologist (D:9)
  3 centaur skeletons
  A freezing wraith (D:14)
  An orange demon (Lair:6)
  2 ice devils (Lair:6)
  12 komodo dragons
  2 tengu conjurers (D:15)
  2 red devils (Lair:6)
  A queen bee (Lair:5)
  3 meliai (Lair:5)
  8 trolls
  9 slime creatures
  7 dream sheep (Lair:6)
  11 hippogriffs
  A blink frog (shapeshifter) (D:14)
  19 blink frogs
  3 vampires
  A shadow (D:14)
  4 wraiths
  A wyvern (Lair:6)
  33 yaks
  4 fire elementals
  7 basilisks
  2 hungry ghosts
  7 wargs
  Duvessa (D:7)
  8 hell hounds
  8 porcupines
  9 water moccasins
  5 ice beasts
  15 orc warriors
  14 ogres
  A phantom (D:13)
  4 sky beasts
  3 necrophages
  3 black bears
  5 centaurs
  4 wolves
  2 eyes of draining
  9 crocodiles
  Blork the orc (D:6)
  13 big kobolds
  20 bullfrogs
  6 gnoll sergeants (D:10)
  A wyvern zombie (D:7)
  Dowan (D:7)
  An earth elemental (Orc:2)
  A wyvern skeleton (D:13)
  4 scorpions
  16 killer bees (Lair:5)
  3 electric eels
  8 wights
  5 howler monkeys
  3 crimson imps
  2 bullfrog zombies (D:11)
  2 quasits
  A hound (D:11)
  A gnoll shaman (D:6)
  36 orc wizards
  7 orc priests
  6 jellies
  6 iguanas
  8 worker ants
  2 hound zombies
  2 mummies (D:7)
  A howler monkey skeleton (D:4)
  A worker ant zombie (D:11)
  7 gnolls
  8 adders
  12 oozes
  2 adder skeletons
  A worm (D:5)
  15 leopard geckos
  64 orcs
  9 ball pythons (Sewer)
  3 bats (D:1)
  9 giant cockroaches
  7 goblins
  6 hobgoblins
  5 jackals
  3 quokkas
  15 frilled lizards
  14 kobolds
  A leopard gecko zombie (D:8)
  A quokka skeleton (D:4)
  10 rats
  4 fungi
  A plant (Lair:3)
732 creatures vanquished.

Vanquished Creatures (others)
  A slime creature (D:14)
  A slave (D:7)
  A jelly (D:14)
  2 worker ants (D:7)
  An orc wizard (Orc:2)
  A quokka (D:4)
  14 fungi
  10 plants
31 creatures vanquished.

Grand Total: 763 creatures vanquished

Notes
Turn   | Place    | Note
-------+----------+-------------------------------------------
     0 | D:1      | protoss039 the Gargoyle Earth Elementalist began the quest
                  | for the Orb.
     0 | D:1      | Reached XP level 1. HP: 10/10 MP: 3/3
   320 | D:1      | Reached skill level 4 in Earth Magic
   320 | D:1      | Reached XP level 2. HP: 15/15 MP: 5/5
  1135 | D:2      | Reached XP level 3. HP: 20/20 MP: 6/6
  1533 | D:2      | Found a shimmering blue altar of Sif Muna.
  1696 | D:2      | Became a worshipper of Sif Muna the Loreminder
  2280 | D:3      | Found an opulent altar of Gozag.
  2912 | D:4      | Noticed an ogre
  2997 | D:4      | Learned a level 2 spell: Passwall
  3001 | D:4      | Learned a level 3 spell: Stone Arrow
  3080 | D:4      | Reached skill level 1 in Fighting
  3080 | D:4      | Reached XP level 4. HP: 14/25 MP: 4/8
  3195 | D:4      | Killed an ogre
  3195 | D:4      | Reached skill level 1 in Armour
  3195 | D:4      | Reached skill level 5 in Earth Magic
  3195 | D:4      | Reached XP level 5. HP: 28/29 MP: 3/9
  3277 | D:4      | Found a white marble altar of Elyvilon.
  3306 | D:4      | Reached XP level 6. HP: 30/35 MP: 4/11
  3391 | D:4      | Found Hyimedd's Food Shoppe.
  3630 | D:4      | Reached skill level 1 in Invocations
  3901 | D:5      | Entered Level 5 of the Dungeon
  4138 | D:5      | Found a bloodstained altar of Trog.
  4395 | D:6      | Reached skill level 1 in Transmutations
  4405 | D:6      | Noticed Blork the orc
  4413 | D:6      | Reached skill level 1 in Conjurations
  4418 | D:6      | Killed Blork the orc
  4418 | D:6      | Reached skill level 6 in Earth Magic
  4418 | D:6      | Reached XP level 7. HP: 37/39 MP: 1/13
  4537 | D:6      | Reached * piety under Sif Muna
  4581 | D:6      | Found a glowing drain.
  4585 | Sewer    | Entered a sewer
  4620 | Sewer    | Reached skill level 1 in Axes
  4741 | Sewer    | Reached ** piety under Sif Muna
  5448 | D:6      | Found a staircase to the Ecumenical Temple.
  5706 | D:6      | Noticed a hippogriff
  5716 | D:6      | Killed a hippogriff
  5716 | D:6      | Reached XP level 8. HP: 24/45 MP: 8/14
  6931 | D:7      | Noticed Pikel
  6954 | D:7      | Killed Pikel
  6954 | D:7      | Reached skill level 5 in Spellcasting
  6954 | D:7      | Reached skill level 7 in Earth Magic
  6954 | D:7      | Reached XP level 9. HP: 38/50 MP: 7/16
  7676 | D:7      | Reached *** piety under Sif Muna
  7701 | D:7      | Noticed Duvessa
  7701 | D:7      | Noticed Dowan
  7721 | D:7      | Killed Duvessa
  7721 | D:7      | Reached skill level 5 in Invocations
  7723 | D:7      | Killed Dowan
  7843 | D:7      | Reached skill level 5 in Axes
  8736 | D:8      | Reached skill level 8 in Earth Magic
  9997 | D:9      | Found a shadowy altar of Dithmenos.
 10035 | D:9      | Reached XP level 10. HP: 44/57 MP: 16/19
 10549 | D:9      | Found a runed translucent gate.
 10549 | D:9      | Found a runed translucent gate.
 10549 | D:9      | Found a runed translucent gate.
 10549 | D:9      | Noticed Dirian's ghost (novice MiFi)
 10549 | D:9      | Noticed a kobold demonologist
 10864 | D:9      | Learned a level 4 spell: Petrify
 10870 | D:9      | Learned a level 5 spell: Lee's Rapid Deconstruction
 10878 | D:9      | Noticed a sixfirhy
 10888 | D:9      | Killed a kobold demonologist
 10893 | D:9      | Reached skill level 9 in Earth Magic
 11461 | D:10     | Entered Level 10 of the Dungeon
 11472 | D:10     | Reached skill level 1 in Shields
 11846 | D:10     | Noticed a manticore
 11852 | D:10     | Killed a manticore
 12036 | D:9      | Reached XP level 11. HP: 47/62 MP: 4/22
 12314 | D:10     | Reached skill level 10 in Earth Magic
 12383 | D:10     | Noticed a cyclops
 12439 | D:10     | Reached skill level 5 in Fighting
 12544 | D:10     | Found a staircase to the Orcish Mines.
 12578 | D:10     | Reached **** piety under Sif Muna
 12948 | D:10     | Got a scorched leather armour
 12959 | D:10     | Identified the +2 leather armour "Dyzi" {Regen+} (You found
                  | it on level 10 of the Dungeon)
 12994 | D:10     | Noticed a cyan ugly thing
 12994 | D:10     | Noticed a green ugly thing
 13013 | D:9      | Killed a brown ugly thing
 13127 | D:10     | Killed a green ugly thing
 13202 | D:10     | Identified Zetiku's Catalogue of the Shifting Mountains
 13387 | D:10     | Found Virixkor's Antique Weapon Emporium.
 13460 | D:10     | Killed a cyclops
 14210 | D:11     | Found a staircase to the Lair.
 14228 | D:11     | Reached skill level 5 in Shields
 14638 | D:11     | Got a shimmering buckler
 14649 | D:11     | Identified the +2 buckler of Melancholy {Str+4} (You found
                  | it on level 11 of the Dungeon)
 14676 | D:11     | Noticed a red ugly thing
 14681 | D:11     | Killed a red ugly thing
 14681 | D:11     | Reached skill level 11 in Earth Magic
 14681 | D:11     | Reached XP level 12. HP: 56/68 MP: 17/24
 14977 | D:11     | Learned a level 5 spell: Fireball
 15018 | D:12     | Noticed a two-headed ogre
 15023 | D:12     | Killed a two-headed ogre
 15082 | D:12     | Reached ***** piety under Sif Muna
 15194 | D:12     | Noticed a two-headed ogre
 15201 | D:12     | Killed a two-headed ogre
 15207 | D:12     | Identified Sif Muna's Grimoire of Companions and
                  | Confrontation (Sif Muna gifted it to you on level 12 of the
                  | Dungeon)
 15207 | D:12     | Received a gift from Sif Muna
 15368 | D:12     | Learned a level 6 spell: Iron Shot
 15728 | D:12     | Found a blossoming altar of Fedhas.
 16336 | D:13     | Noticed Josephine
 16375 | D:13     | Noticed Snorg
 16377 | D:13     | Killed Josephine
 16548 | D:13     | You fall into a shaft and drop 2 floors!
 16548 | D:15     | Entered Level 15 of the Dungeon
 16573 | D:15     | HP: 5/105 [gargoyle/stone arrow (7)]
 16944 | D:15     | Reached skill level 12 in Earth Magic
 16945 | D:15     | Noticed a centaur warrior
 16949 | D:15     | Killed a centaur warrior
 16949 | D:15     | Reached skill level 10 in Invocations
 16956 | D:15     | Found a shimmering altar of Xom.
 16957 | D:15     | Found a shimmering altar of Xom.
 16957 | D:15     | Found a shimmering altar of Xom.
 16972 | D:15     | Noticed Rupert
 17055 | D:14     | Reached XP level 13. HP: 33/74 MP: 10/26
 17115 | D:14     | Noticed a rakshasa
 17198 | D:13     | Found Niofoleg's Distillery.
 17278 | D:13     | Reached skill level 10 in Spellcasting
 17618 | D:13     | Killed Snorg
 18110 | D:14     | Noticed Azrael
 18554 | D:13     | Reached skill level 13 in Earth Magic
 18555 | D:13     | Reached skill level 10 in Shields
 18671 | D:14     | Noticed a minotaur
 18835 | D:13     | Noticed an emperor scorpion
 18835 | D:13     | a minotaur changed into an emperor scorpion
 18841 | D:13     | Noticed a great orb of eyes
 18841 | D:13     | an eight-headed hydra changed into a great orb of eyes
 18844 | D:13     | Noticed an ice dragon
 18844 | D:13     | a great orb of eyes changed into an ice dragon
 18846 | D:13     | Noticed a fire dragon
 18846 | D:13     | an ice dragon changed into a fire dragon
 18858 | D:13     | a fire dragon changed into a five-headed hydra
 18859 | D:13     | Noticed an emperor scorpion
 18859 | D:13     | a five-headed hydra changed into an emperor scorpion
 18860 | D:13     | an emperor scorpion changed into a death yak
 18862 | D:13     | Noticed a minotaur
 18862 | D:13     | a death yak changed into a minotaur
 18884 | D:13     | a minotaur changed into a queen ant
 18887 | D:13     | Noticed a fire dragon
 18887 | D:13     | a queen ant changed into a fire dragon
 18893 | D:13     | a fire dragon changed into a wolf spider
 19624 | D:13     | Killed a rakshasa
 20392 | D:14     | Killed Azrael
 20744 | D:14     | Found a gate to the Vaults.
 21064 | D:14     | Found a glowing golden altar of the Shining One.
 21287 | D:15     | Found a shimmering altar of Xom.
 21288 | D:15     | Found a shimmering altar of Xom.
 21313 | D:15     | Gained mutation: Your large and strong wings let you fly
                  | indefinitely. [Gargoyle growth]
 21313 | D:15     | Reached XP level 14. HP: 54/80 MP: 20/29
 21843 | D:15     | Killed Rupert
 21843 | D:15     | Reached skill level 14 in Earth Magic
 22452 | D:15     | Found a staircase to the Depths.
 22928 | Lair:1   | Entered Level 1 of the Lair of Beasts
 24873 | Lair:2   | Found the +8 whip "Snakebite" {curare, rPois}
 25152 | Lair:2   | Noticed Nergalle
 25175 | Lair:2   | Killed Nergalle
 26060 | Lair:2   | Reached skill level 1 in Fire Magic
 26374 | Lair:3   | Found a hole to the Spider Nest.
 27450 | Lair:3   | Found a staircase to the Swamp.
 28645 | Lair:3   | Reached XP level 15. HP: 55/86 MP: 3/30
 29263 | Lair:4   | Got a polished rapier
 29264 | Lair:4   | Identified the +6 rapier "Vaffoule" {protect, +Inv} (You
                  | found it on level 4 of the Lair of Beasts)
 30595 | Lair:5   | Reached skill level 10 in Axes
 31746 | Lair:6   | Entered Level 6 of the Lair of Beasts
 31770 | Lair:6   | Reached skill level 15 in Earth Magic
 33000 | Lair:6   | Identified Aloih's Guide on Bewitchment and Stones (Sif
                  | Muna gifted it to you on level 6 of the Lair of Beasts)
 33000 | Lair:6   | Received a gift from Sif Muna
 34084 | Lair:6   | Found a viscous altar of Jiyva.
 34084 | Lair:6   | Found a staircase to the Slime Pits.
 34353 | Lair:6   | Found a burning altar of Makhleb.
 34377 | Lair:6   | Reached XP level 16. HP: 41/93 MP: 5/32
 34398 | Lair:6   | Found a gateway to Hell.
 34569 | Lair:6   | Learned a level 2 spell: Swiftness
 34611 | Lair:6   | Got a pitted mace
 34756 | Lair:1   | Got a brightly glowing battleaxe
 34757 | Lair:1   | Identified the cursed +1 mace "Lin Akot" {distort, +Inv
                  | Dex+4} (You found it on level 6 of the Lair of Beasts)
 34766 | Lair:1   | Identified the cursed +2 battleaxe "Ikom" {vamp, Str+5
                  | Dex+4 Stlth-} (You found it on level 1 of the Lair of
                  | Beasts)
 34878 | Orc:1    | Entered Level 1 of the Orcish Mines
 35007 | Orc:1    | Noticed Erolcha
 35035 | Orc:1    | Killed Erolcha
 35462 | Orc:2    | Entered Level 2 of the Orcish Mines
 35473 | Orc:2    | Reached skill level 1 in Charms
 35506 | Orc:2    | Found a roughly hewn altar of Beogh.
 35682 | Orc:2    | Found a staircase to the Elven Halls.
 35715 | Orc:2    | Reached skill level 1 in Air Magic
 36120 | Orc:2    | Gained mutation: Potions are less effective at restoring
                  | your health. [a neqoxec]
 36133 | Orc:2    | Identified Nywkat's Tome of the Quantum Escort (Sif Muna
                  | gifted it to you on level 2 of the Orcish Mines)
 36133 | Orc:2    | Received a gift from Sif Muna
 36389 | Orc:2    | Found Buaxkibb's Book Shoppe.
 36389 | Orc:2    | Found Yrucim's Book Boutique.
 36611 | Orc:2    | Found a roughly hewn altar of Beogh.
 36717 | Orc:2    | Found Zoskuemu's Food Shoppe.
 36717 | Orc:2    | Found Yni Kami's Jewellery Boutique.
 36870 | Orc:1    | You fall into a shaft and drop 1 floor!
 36933 | Elf:1    | Entered Level 1 of the Elven Halls
 37081 | Elf:1    | Killed from afar by a deep elf mage

Illustrated notes

Levels and vault maps discovered:
D:1:      minmay_arrival_wavy_path, layout_basic
D:2:      layout_basic, led_sif_pool
D:3:      layout_loops_ring, nicolae_gozag_seed_capital
D:4:      layout_basic, serial_shops, shop, elyvilon_altar_4
D:5:      layout_cave_pools, lightli_temple_of_fire, first_ration
D:6:      layout_basic, minmay_temple_entry_statues_fountains,
          gup_sewer_entry_spiral, uniq_blork_the_orc
D:7:      layout_basic, serial_undead, serial_undead_d, serial_undead_a,
          serial_undead_b, serial_undead_c, serial_undead_e, uniq_pikel,
          uniq_duvessa
D:8:      layout_loops_ring, serial_aquarium, aquarium_bridge_square
          [aquarium_subvault_bridge, aquarium_subvault_balcony,
          aquarium_subvault_wall, aquarium_subvault_wall],
          aquarium_window_corner, aquarium_window_fake, aquarium_view_2b,
          the_bakery
D:9:      layout_roguey, nicolae_dithmenos_the_darkroom,
          gammafunk_ghost_nasty_kobolds
D:10:     minmay_the_grid_triangle_9x9_rhombus_thin_mashed
          [minmay_the_grid_triangle_9x9_alien,
          minmay_the_grid_triangle_9x9_prize_schism,
          minmay_the_grid_triangle_9x9_pentomino_pain,
          minmay_the_grid_triangle_9x9_impossible_snake], layout_basic,
          kennysheep_orc_monster_closet_entryway, serial_shops, shop,
          hangedman_decor_growths, columned_hall_lemuel, kennysheep_another_room
D:11:     layout_irregular_city, minmay_lair_entry_grove
D:12:     layout_cave_pools, fedhas_altar_1
D:13:     layout_basic, serial_shops, shop_statue, minmay_more_statues,
          uniq_snorg, uniq_josephine
D:14:     layout_cave_pools, david_vaults_2, tso_altar, uniq_azrael
D:15:     grunt_enter_depths_snipers, layout_cave_pools,
          hangedman_decor_slide_cut, xom_shifter_show, uniq_rupert
Lair:1:   layout_cave_pods, minivault_27
Lair:2:   layout_roguey, minmay_holes, minmay_lair_oklob_chamber,
          grunt_megastairs_4, uniq_nergalle
Lair:3:   layout_small_grid, swamp_mist_pool, spider_nest_entry_a,
          serial_bayou_pond_c, hibernation_bobbens
Lair:4:   layout_layer_cave, serial_bayou_lagoon_a
Lair:5:   layout_roguey, special_room [special_room_bee], serial_bayou_pond_b
Lair:6:   evil_forest, layout_cave_pods, dpeg_slime_entry_enclosed_altar
Orc:1:    layout_diamond_mine, uniq_erolcha
Orc:2:    st_orc_town, layout_diamond_mine, basic_altar
Elf:1:    minmay_elf_arrival_summoners, layout_rooms, hangedman_elf_disciples,
          serial_sigils_hangedman_quiver, minivault_16, drop_trap, moated_statue

Skill      XL: |  1  2  3  4  5  6  7  8  9 10 11 12 13 14 15 16 |
---------------+-------------------------------------------------+-----
Earth Magic    | 4 5 6 7 8 9 11 12 13 14 15 | 15.5
Fighting       | 1 2 3 4 5 6 7 8 |  8.4
Armour         | 1 2 3 4 |  4.0
Spellcasting   | 3 4 5 6 7 8 9 11 12 | 12.8
Invocations    | 1 3 4 6 7 8 10 11 12 13 | 13.0
Transmutations | 1 |  1.0
Conjurations   | 1 |  1.0
Axes           | 3 4 5 6 8 9 10 | 10.9
Shields        | 3 5 8 11 12 13 14 | 14.0
Fire Magic     | 2 4 |  4.0
Charms         | 1 |  1.0
Air Magic      | 1 |  1.0
Maces & Flails | |  0.6
Dodging        | |  1.5
Stealth        | |  2.1

Action                   |  1- 3 |  4- 6 |  7- 9 | 10-12 | 13-15 | 16-18 || total
-------------------------+-------+-------+-------+-------+-------+-------++-------
Melee: Club              |   102 |     6 |       |       |       |       ||   108
       Unarmed           |     3 |       |       |       |       |       ||     3
       War axe           |       |    17 |   468 |   382 |   771 |   296 ||  1934
       Falchion          |       |       |    24 |       |       |       ||    24
       Rapier            |       |       |       |       |     3 |     2 ||     5
 Cast: Sandblast         |    18 |    32 |    90 |   131 |    53 |     4 ||   328
       Stone Arrow       |       |     5 |     6 |    63 |   125 |    33 ||   232
       Lee's Rapid Decon |       |       |       |    53 |   254 |    39 ||   346
       Petrify           |       |       |       |       |     4 |       ||     4
       Iron Shot         |       |       |       |       |     3 |     2 ||     5
Invok: Channel Magic     |       |       |       |     2 |     6 |     2 ||    10
       Divine Exegesis   |       |       |       |       |     2 |       ||     2
Evoke: Wand              |       |       |       |     4 |       |       ||     4
  Use: Potion            |       |       |     7 |     8 |     4 |       ||    19
       Scroll            |       |       |     5 |    12 |    15 |     2 ||    34
 Stab: Sleeping          |     2 |     1 |     4 |     3 |     4 |       ||    14
       Distracted        |     1 |       |       |       |     1 |       ||     2
  Eat: Chunk             |     7 |     4 |    24 |    19 |    55 |    13 ||   122
       Ration            |       |       |     1 |     5 |    16 |     1 ||    23
Armor: Robe              |    19 |       |       |       |       |       ||    19
       Leather armour    |    24 |    18 |   352 |   262 |   451 |   113 ||  1220
       Skin              |       |       |       |    20 |     3 |       ||    23
Dodge: Dodged            |    68 |    24 |   396 |   216 |   450 |   106 ||  1260
Block: Other             |       |       |    37 |    20 |       |       ||    57
       Reflection        |       |       |     1 |     7 |       |       ||     8
       Buckler           |       |       |       |   173 |   445 |     1 ||   619
       Kite shield       |       |       |       |       |       |   218 ||   218
       Rpst.: Falchion   |       |       |     9 |       |       |       ||     9
